 Dungeon Crawl Stone Soup version 0.29.1-13-g9f3cf754e1 (webtiles) character file.

Game seed: 7406107140844893176

140 cheesebisquit the Shooter (level 5, -7/42 HPs)
             Began as a Minotaur Hunter on Jan 30, 2023.
             Mangled by a gnoll
             ... wielding a +0 halberd
              (14 damage)
             ... on level 3 of the Dungeon.
             The game lasted 00:04:57 (1711 turns).

cheesebisquit the Shooter (Minotaur Hunter)         Turns: 1711, Time: 00:04:58

Health: -7/42      AC:  4    Str: 15    XL:     5   Next: 2%
Magic:  4/4        EV: 12    Int: 10    God:
Gold:   92         SH:  0    Dex: 16    Spells: 4/4 levels left

rFire   . . .      SeeInvis .   a - +0 shortbow
rCold   . . .      Faith    .   (shield currently unavailable)
rNeg    . . .      Spirit   .   k - +1 leather armour of Fanaticism {Rampage Int+4}
rPois   .          Reflect  .   (helmet restricted)
rElec   .          Harm     .   (no cloak)
rCorr   .          Rampage  +   (no gloves)
Will    .....                   (no boots)
Stlth   +.........              g - amulet of the acrobat
HPRegen 0.14/turn               (no ring)
MPRegen 0.09/turn               (no ring)

@: no status effects
A: horns 2, retaliatory headbutt
a: no special abilities


You were on level 3 of the Dungeon.
You visited 1 branch of the dungeon, and saw 3 of its levels.

You collected 92 gold pieces.

Inventory:

Hand Weapons
 a - a +0 shortbow (weapon)
Armour
 k - the +1 leather armour of Fanaticism (worn) {Rampage Int+4}
   (You found it on level 2 of the Dungeon)

   Int:       It affects your intelligence (+4).
   Rampage:   It bestows one free step when moving towards enemies.
Jewellery
 e - a ring of positive energy
 g - an amulet of the acrobat (around neck)
Scrolls
 b - a scroll of immolation
 c - a scroll of poison {unknown}
 d - 3 scrolls of identify {unknown}
 f - a scroll of torment {unknown}
 h - 2 scrolls of teleportation {unknown}
 i - a scroll of amnesia {unknown}
 o - a scroll of fear {unknown}
Potions
 m - a potion of attraction {unknown}
 n - a potion of ambrosia {unknown}


   Skills:
 - Level 2.4 Fighting
 * Level 6.9 Ranged Weapons
 - Level 2.2 Dodging
 - Level 0.8 Stealth


You had 4 spell levels left.
You didn't know any spells.
Your spell library contained the following spells:

 Spells                   Type           Power      Damage    Failure   Level
 Ensorcelled Hibernation  Hex/Ice        0%         N/A       56%         2
 Passwall                 Tmut/Erth      0%         N/A       56%         2
 Gell's Gravitas          Tloc           0%         N/A       80%         3
 Lesser Beckoning         Tloc           0%         N/A       80%         3
 Swiftness                Air            0%         N/A       80%         3
 Teleport Other           Tloc           0%         N/A       80%         3


Dungeon Overview and Level Annotations

Branches:
Dungeon (3/15)

Altars:


Innate Abilities, Weirdness & Mutations

You have a pair of horns on your head.
You reflexively headbutt those who attack you in melee.


Message History

You kill the gnoll!
You have reached level 5!
Fire: a) +0 shortbow
Press: ? - help, Q - select action Shift-Dir - straight line, f - gnoll
Aim: a gnoll, wielding a +0 vorpal flail (68% to hit)
You shoot an arrow. The arrow hits the gnoll.
The gnoll is moderately wounded.
Fire: a) +0 shortbow
Press: ? - help, Q - select action Shift-Dir - straight line, f/p - gnoll
Aim: a gnoll, wielding a +0 vorpal flail (moderately wounded, 68% to hit)
You shoot an arrow. The arrow closely misses the gnoll.
The arrow hits the gnoll.
The gnoll is heavily wounded.
The gnoll hits you with a +0 vorpal flail.
* * * LOW HITPOINT WARNING * * *
x2 The gnoll barely misses you.
Fire: a) +0 shortbow
Press: ? - help, Q - select action Shift-Dir - straight line, f/p - gnoll
Aim: a gnoll, wielding a +0 vorpal flail (moderately wounded, 68% to hit)
You shoot an arrow. The arrow closely misses the gnoll.
The arrow hits the gnoll but does no damage.
The gnoll is heavily wounded.
The gnoll hits you with a +0 vorpal flail!
* * * LOW HITPOINT WARNING * * *
x2 The gnoll barely misses you.
Okay, then.
Okay, then.
It was a potion of heal wounds.
You feel much better. The gnoll misses you.
The gnoll hits you with a +0 vorpal flail.
Fire: a) +0 shortbow
Press: ? - help, Q - select action Shift-Dir - straight line, f/p - gnoll
Aim: a gnoll, wielding a +0 vorpal flail (moderately wounded, 68% to hit)
You shoot an arrow. The arrow hits the gnoll.
The gnoll is almost dead.
The gnoll hits you but does no damage.
The gnoll hits you from afar with a +0 halberd.
The gnoll hits you with a +0 vorpal flail.
* * * LOW HITPOINT WARNING * * *
x2 The gnoll hits you from afar with a +0 halberd!
You die...

##### #######.#.#
#.....#...# #.###.#.#.# ###
#.#.......# ....
#.#.#.#.############ .....
#.#...#.# #.)..)).#
#..#..#.#####.####.#####.#
.$....'..rgg@......#####.#
.$....'.######.####....#.##
#..#..#...................#
......########....#.##.#..#
.....
##########....#.....#.#
#####
#.............>.......#
##########......#.#.###
#.#...........
###.#...##.#.###


You could see 2 gnolls and a rat.

Vanquished Creatures
  An orc wizard (D:3)
  Terence (D:2)
  2 adders (D:2)
  2 gnolls (D:3)
  A worm (D:2)
  A dart slug (D:2)
  3 orcs (D:3)
  6 ball pythons
  5 bats
  3 endoplasms
  7 hobgoblins
  7 kobolds
  A quokka (D:3)
  7 frilled lizards
  4 rats
51 creatures vanquished.

Notes
Turn   | Place    | Note
-------+----------+-------------------------------------------
     0 | D:1      | cheesebisquit the Minotaur Hunter began the quest for the
                  | Orb.
     0 | D:1      | Reached XP level 1. HP: 18/18 MP: 0/0
    93 | D:1      | Reached XP level 2. HP: 25/25 MP: 1/1
   134 | D:1      | Reached skill level 5 in Ranged Weapons
   570 | D:2      | Found a faded altar of an unknown god.
   574 | D:2      | Identified the +1 leather armour of Fanaticism {Rampage
                  | Int+4}
   644 | D:2      | Noticed Terence
   651 | D:2      | Killed Terence
   652 | D:2      | Reached XP level 3. HP: 30/30 MP: 2/2
   729 | D:2      | Reached skill level 6 in Ranged Weapons
   795 | D:2      | Reached XP level 4. HP: 37/37 MP: 3/3
  1336 | D:3      | HP: 2/55 [something (5)]
  1707 | D:3      | Reached XP level 5. HP: 15/42 MP: 4/4
  1709 | D:3      | HP: 2/42 [gnoll/+0 vorpal flail (10)]
  1711 | D:3      | Mangled by a gnoll

Illustrated notes

Levels and vault maps discovered:
D:1:      saegor_arrival_simple_e, layout_rooms, serial_bayou,
          serial_bayou_ford_a, serial_bayou_pond_b, serial_bayou_shore_a,
          serial_bayou_pond_d
D:2:      layout_basic, nicolae_ecumenical_lake_church, hangedman_decor_lopped,
          uniq_terence
D:3:      layout_basic, kennysheep_generic_room_5

Skill      XL: |  1  2  3 |
---------------+----------+-----
Ranged Weapons | 5 6 |  6.9
Fighting       | |  2.4
Dodging        | |  2.2
Stealth        | |  0.8

Action                   |  1- 3 |  4- 6 || total
-------------------------+-------+-------++-------
Melee: Unarmed           |       |     7 ||     7
       Shortbow          |       |     1 ||     1
 Fire: Shortbow          |    72 |    67 ||   139
  Use: Potion            |       |     3 ||     3
Armor: Leather armour    |     4 |     8 ||    12
       Skin              |       |     6 ||     6
Dodge: Dodged            |    19 |    25 ||    44
